 Dungeon Crawl Stone Soup version 0.27-a0-1202-ge72e49191c (webtiles) character file.

Game seed: 8740835223750931710

644 Delamore the Poker (level 7, -2/56 HPs)
             Began as a Formicid Fighter on June 4, 2021.
             Was an Initiate of Gozag.
             Succumbed to a scorpion's poison
             ... on level 4 of the Dungeon.
             The game lasted 00:03:55 (4267 turns).

Delamore the Poker (Formicid Fighter)               Turns: 4267, Time: 00:03:56

Health: -2/56      AC:  5    Str: 23    XL:     7   Next: 81%
Magic:  7/7        EV:  9    Int:  7    God:    Gozag
Gold:   119        SH: 10    Dex: 10    Spells: 6/6 levels left

rFire    + . .     SeeInvis +   (no weapon)
rCold    . . .     Faith    .   c - +0 kite shield
rNeg     . . .     Spirit   +   p - +2 leather armour {rF+}
rPois    .         Reflect  .   (helmet unavailable)
rElec    .         Harm     .   (no cloak)
rCorr    .         Rampage  .   (no gloves)
Will     .....                  (no boots)
Stlth    +.........             m - amulet of guardian spirit
HPRegen  0.18/turn              (no ring)
MPRegen  0.10/turn              (no ring)

@: lethally poisoned (-2 -> -18), gold aura
A: permanent stasis, dig shafts and tunnels, antennae 3, four strong arms
a: Dig, Shaft Self, Renounce Religion, Potion Petition, Call Merchant, Bribe
Branch


You were on level 4 of the Dungeon.
You worshipped Gozag.
Gozag was aware of your devotion.
You visited 2 branches of the dungeon, and saw 5 of its levels.

You collected 186 gold pieces.
You paid 67 gold pieces to Gozag.

Inventory:

Hand Weapons
 a - a +1 trident
Missiles
 i - 6 javelins
 r - 4 poisoned darts (quivered)
Armour
 c - a +0 kite shield (worn)
 p - a +2 leather armour of fire resistance (worn)
Jewellery
 m - an amulet of guardian spirit (around neck)
Wands
 j - a wand of flame (6)
Scrolls
 h - a scroll of identify
 l - a scroll of fear
 n - a scroll of fog
Potions
 d - 2 potions of might
 e - 2 potions of flight
 g - a potion of brilliance {unknown}


   Skills:
 - Level 5.0 Fighting
 * Level 6.8 Polearms
 - Level 3.2 Armour
 - Level 5.0 Shields


You had 6 spell levels left.
You didn't know any spells.
Your spell library was empty.

Dungeon Overview and Level Annotations

Branches:
Dungeon (4/15)             Temple (1/1) D:4

Altars:
Ashenzari
Dithmenos
Elyvilon
Fedhas
Gozag
Hepliaklqana
Kikubaaqudgha
Nemelex Xobeh
Okawaru
Qazlal
Ru
Sif Muna
Trog
Uskayaw
Xom
Zin

Shops:
D:3 [

Annotations:
D:4 Natasha


Innate Abilities, Weirdness & Mutations

You cannot be hasted, slowed, berserked, paralysed or teleported.
You can dig through walls and to a lower floor.
You have a pair of large antennae on your head. (SInv)
Your four strong arms can wield two-handed weapons with a shield.


Message History

The scorpion poisons you!
The kobold hits you with a +0 short sword.
You puncture the scorpion!
The scorpion is almost dead.
You feel very sick. You block the scorpion's attack.
The kobold barely misses you. The scorpion stings you!
You are more poisoned.
The scorpion poisons you!
You are too injured to fight recklessly!
You are too injured to fight recklessly!
You are too injured to fight recklessly!
You are too injured to fight recklessly!
You are too injured to fight recklessly!
You hit the scorpion but do no damage.
The scorpion is almost dead.
You feel very sick. The scorpion stings you!
* * * LOW HITPOINT WARNING * * *
You are more poisoned.
The scorpion poisons you! You block the kobold's attack.
You completely miss the scorpion.
The scorpion is almost dead.
* * * LOW HITPOINT WARNING * * *
You feel extremely sick. You block the scorpion's attack.
You block the kobold's attack.
Aiming: Throw Flame
Press: ? - help, Shift-Dir - straight line, f/p - scorpion
Aim: a scorpion (almost dead, 68% to hit)
The puff of flame hits the scorpion!
You kill the scorpion!
* * * LOW HITPOINT WARNING * * *
You feel very sick. You block the kobold's attack.
You are now empty-handed.
* * * LOW HITPOINT WARNING * * *
You feel sick.
It was a potion of magic.
Magic courses through your body.
You die...
Your body crumbles into a pile of gold.

.#..##.........##.....
.....†..........####.#
.....†..###.#.#...##.#
.#.###h.............. $
.#...{#.##............
...##.#.###........### #.
...##.#.####......... ...
..†##...........$.### #.#
....h..........K@.# #.#
...{..####.#####.## ##.######.
.K{...# #.### #.# #.........
{..##.####...###.# #...<.....
{####...####.....# #......... .##
#.#...####.### ####.........
..###...#.###...## ##............
.....##.#.>.#.#.)###..##.........
.###..#.......##.#...##..........


You could see a kobold.

Vanquished Creatures
  Grinder (D:3)
  A black bear (D:4)
  A scorpion (D:4)
  A howler monkey (D:4)
  2 hounds
  Ijyb (D:3)
  9 gnolls
  3 adders
  A worm (D:2)
  3 dart slugs
  7 endoplasms
  A giant cockroach (D:1)
  5 goblins
  3 hobgoblins
  6 jackals (D:4)
  3 kobolds
  4 quokkas
  4 ball pythons
  8 bats
  2 frilled lizards
  5 rats
71 creatures vanquished.

Vanquished Creatures (others)
  25 plants (D:3)
25 creatures vanquished.

Grand Total: 96 creatures vanquished

Notes
Turn   | Place    | Note
-------+----------+-------------------------------------------
     0 | D:1      | Delamore the Formicid Fighter began the quest for the Orb.
     0 | D:1      | Reached XP level 1. HP: 18/18 MP: 1/1
   160 | D:1      | Reached XP level 2. HP: 24/24 MP: 2/2
   326 | D:1      | Reached XP level 3. HP: 25/29 MP: 3/3
   980 | D:2      | Reached skill level 3 in Polearms
  1080 | D:2      | Reached XP level 4. HP: 16/37 MP: 1/4
  1957 | D:3      | Found Ynetoergh's Antique Armour Shop.
  2030 | D:3      | Reached XP level 5. HP: 23/42 MP: 3/5
  2321 | D:3      | Found a hide-covered altar of Uskayaw.
  2352 | D:3      | Reached skill level 4 in Polearms
  2658 | D:3      | Noticed Ijyb
  2682 | D:3      | Killed Ijyb
  2683 | D:3      | Reached XP level 6. HP: 14/49 MP: 2/6
  3226 | D:4      | Noticed Grinder
  3245 | D:3      | Killed Grinder
  3246 | D:3      | Reached skill level 5 in Fighting
  3246 | D:3      | Reached skill level 5 in Polearms
  3246 | D:3      | Reached skill level 5 in Shields
  3246 | D:3      | Reached XP level 7. HP: 48/56 MP: 7/7
  3434 | D:4      | Noticed Natasha
  3678 | D:4      | Found a staircase to the Ecumenical Temple.
  3718 | Temple   | Entered the Ecumenical Temple
  3856 | Temple   | Became a worshipper of Gozag Ym Sagoz the Greedy
  3910 | D:4      | Reached skill level 6 in Polearms
  4266 | D:4      | HP: 1/56 [poisoned by a scorpion]
  4267 | D:4      | Succumbed to a scorpion's poison

Illustrated notes

Levels and vault maps discovered:
D:1:      dpeg_arrival_lava_altar, layout_basic, chequers_serial_rivers_small_3
D:2:      layout_basic
D:3:      wad_woods_stonehenge, layout_basic, serial_shops, shop, uniq_ijyb
D:4:      layout_rooms, minmay_temple_entry_statues_fountains, uniq_grinder,
          uniq_natasha
Temple:   kilobyte_greek_temple

Skill      XL: |  1  2  3  4  5  6  7 |
---------------+----------------------+-----
Shields        | 4 5 |  5.0
Polearms       | 3 4 5 6 |  6.8
Fighting       | 4 5 |  5.0
Armour         | |  3.2

Action                   |  1- 3 |  4- 6 |  7- 9 || total
-------------------------+-------+-------+-------++-------
Melee: Trident           |    91 |   120 |    61 ||   272
Throw: Javelin           |       |    11 |     1 ||    12
       Dart              |       |       |     4 ||     4
 Abil: Dig               |       |     1 |       ||     1
Evoke: Wand              |       |       |     3 ||     3
  Use: Scroll            |       |     7 |     2 ||     9
       Potion            |       |       |     3 ||     3
Armor: Scale mail        |    28 |    34 |       ||    62
       Leather armour    |       |       |    20 ||    20
Dodge: Dodged            |    14 |    40 |    33 ||    87
Block: Kite shield       |    41 |    71 |    49 ||   161

Table legend: (Time is in decaauts)
 A = Elapsed time spent in this place.
 B = Non-inter-level travel time spent in this place.
 C = Inter-level travel time spent in this place.
 D = Time resting spent in this place.
 E = Time spent auto-exploring this place.
 F = Levels seen in this place.
 G = Mean time per level.
                   A        B        C        D        E       F      G
               +--------+--------+--------+--------+--------+-----+--------+
         Total |   4352 |   4174 |    178 |    909 |   2606 |   5 |  870.4 |
       Dungeon |   4181 |   4034 |    147 |    909 |   2471 |   4 | 1045.2 |
        Temple |    170 |    139 |     31 |      0 |    135 |   1 |  170.0 |
               +--------+--------+--------+--------+--------+-----+--------+

Top non-repeatable levels by time:
     D:3: 1517 daAuts
     D:2: 1317 daAuts
     D:1: 792 daAuts
     D:4: 553 daAuts
  Temple: 170 daAuts
